Ducks vs Golden Knights

Created - April 10, 2024 at 21:59

Goals
1 2 3 T
Ducks 1 1 0 2
Golden Knights 1 1 1 3
Shots
1 2 3 T
Ducks 3 8 14 25
Golden Knights 7 13 9 29

GoalsPenalties
1st period
1. Ducks , Mats Zuccarello 1 (Ryan McDonagh 2, Brayden McNabb 1) at 4:29
2. Golden Knights , Rafael Harvey-Pinard 1 (Jake Evans 1, Jack Roslovic 1) at 18:49
No Penalty
2nd period
3. Ducks , Adrian Kempe 2 (Joe Pavelski 1, Jason Robertson 2) at 0:42
4. Golden Knights , Jack Roslovic 1 (Adam Boqvist 2, Mark Stone 1) at 2:30 (PP)
Rasmus Dahlin (ANA) for Charging (Double Minor) at 2:06
T.J. Oshie (VGK) for Roughing (Minor) at 9:30
Zack MacEwen (ANA) for Roughing (Minor) at 15:17
3rd period
5. Golden Knights , Kirby Dach 1 (Tomas Hertl 1) at 13:48
Moritz Seider (ANA) for Tripping (Minor) at 0:27
T.J. Oshie (VGK) for Hooking (Minor) at 8:28
Goalie Stats
Anton Forsberg (ANA), 26 saves from 29 shots - (0.897), L, 1-2-0, 59:09 minutes
Ilya Samsonov (VGK), 23 saves from 25 shots - (0.920), W, 2-0-1, 60:00 minutes
3 StarsOfficial
1 - Jack Roslovic (VGK)
2 - Rafael Harvey-Pinard (VGK)
3 - Adrian Kempe (ANA)
Referees : Brian Pochmara and Jon McIsaac
Linesman : Steve Barton and Travis Gawryletz
Game Note
No Game Note
Finance
Level 1 -- Attendance: 6500 (100.00%) -- Ticket Income $715,000
Level 2 -- Attendance: 5000 (100.00%) -- Ticket Income $410,000
Level 3 -- Attendance: 3413 (97.51%) -- Ticket Income $215,019
Level 4 -- Attendance: 3292 (93.07%) -- Ticket Income $65,840
Luxury Box -- Attendance: 1000 (100.00%) -- Ticket Income $225,000
Game was played at the T-Mobile Arena.
Total Attendance: 19205 (98.30%)
Total Ticket Income: $1,630,859
Other Income: $407,715
Total Income: $2,038,574



Team Name Goals Shots Shots Attemp Shots Blocked PIM HIT PP PK FO%
Ducks 22545118170 / 2 (0%)138%
Golden Knights 3296534281 / 4 (25%)062%

Ducks
Player Name POS G A P +/- PIM HIT SHT SB MP PP MP PP SHT PK MP PK SHT FO% FOT
Adam FoxD0000002426:022:3213:2400% 0
Adrian KempeRW1011022024:491:5204:18058% 12
Brayden McNabbD0111000013:050:0000:1700% 0
Claude GirouxRW000-1010016:122:0600:000100% 2
Jason RobertsonLW0111001020:421:5200:11021% 14
Joe PavelskiC0111003019:120:0000:330100% 2
Mats ZuccarelloRW1010003212:181:5214:40040% 5
Moritz SeiderD000-1242120:041:2611:5210% 0
Nikolaj EhlersLW0000000011:270:0000:0000% 1
Patrick KaneRW0000003011:100:0000:0000% 1
Phillip DanaultC000-1013014:060:0000:00035% 20
Pierre-Luc DuboisLW000-1052017:592:0601:300100% 1
Rasmus DahlinD0000411324:492:3212:1200% 0
Ryan McDonaghD0111010014:350:0001:4700% 0
Travis BoydC000000109:052:0601:30042% 12
Tyson BarrieD000-1011121:231:2613:1000% 0
Zach HymanLW0000011011:100:0000:00013% 8
Zack MacEwenC000020005:280:0000:0000% 0
Golden Knights
Player Name POS G A P +/- PIM HIT SHT SB MP PP MP PP SHT PK MP PK SHT FO% FOT
Adam BoqvistD0110032017:512:3510:0000% 0
Conor TimminsD0000010015:020:0000:0000% 0
Derek GrantC000001009:480:0001:20090% 10
Jack RoslovicC1121001014:493:4411:58056% 9
Jake EvansC0111013011:550:0001:58050% 6
Jakob ChychrunD0000033123:513:4622:3100% 0
Kirby DachC1010003018:042:3700:0000% 1
Marcus FolignoLW0000062018:442:3720:400100% 1
Mark StoneRW011-1012020:233:4410:00067% 3
Mattias JanmarkC000001007:380:0000:0000% 0
Miro HeiskanenD0000002125:013:4612:3100% 0
Nathan MacKinnonC000-1015020:233:4410:00050% 22
Rafael Harvey-PinardLW101101109:070:0000:0000% 0
Sean WalkerD0000002117:080:0001:2700% 0
T.J. OshieRW000-1451019:122:3510:0000% 0
Tomas HertlC0110001019:242:3711:20067% 24
Travis HamonicD0000030018:320:0001:2700% 0
Vladislav NamestnikovC000001109:080:0000:40050% 2



Play-by-Play

1st period


0:01 of 1st period - Mark Stone wins face-off versus Jason Robertson in neutral zone.
0:33 of 1st period - Shot by Nathan MacKinnon.
0:33 of 1st period - Shot Misses the Net.
0:36 of 1st period - Icing by Adam Fox.
0:37 of 1st period - Tomas Hertl wins face-off versus Jason Robertson in Ducks zone.
2:21 of 1st period - Off-side.
2:22 of 1st period - Derek Grant wins face-off versus Zach Hyman in neutral zone.
3:04 of 1st period - Shot by Mattias Janmark.
3:04 of 1st period - Deflect By Vladislav Namestnikov.
3:04 of 1st period - Stopped by Anton Forsberg without a rebound.
3:05 of 1st period - Nathan MacKinnon wins face-off versus Phillip Danault in Ducks zone.
3:08 of 1st period - Shot by T.J. Oshie.
3:08 of 1st period - Shot Misses the Net.
3:27 of 1st period - Icing by Moritz Seider.
3:28 of 1st period - Phillip Danault wins face-off versus Tomas Hertl in Ducks zone.
3:49 of 1st period - Shot by Tomas Hertl.
3:49 of 1st period - Shot Misses the Net.
3:59 of 1st period - Shot by Pierre-Luc Dubois.
3:59 of 1st period - Shot Misses the Net.
4:29 of 1st period - Shot by Mats Zuccarello.
4:29 of 1st period - Goal by Mats Zuccarello - Ducks : 1 - Golden Knights : 0.
4:30 of 1st period - Nathan MacKinnon wins face-off versus Zach Hyman in neutral zone.
5:14 of 1st period - Shot by Nathan MacKinnon.
5:14 of 1st period - Shot Blocked by Adam Fox.
5:19 of 1st period - Off-side.
5:20 of 1st period - Jake Evans wins face-off versus Phillip Danault in neutral zone.
5:26 of 1st period - Miro Heiskanen is hit by Moritz Seider.
7:25 of 1st period - Shot by Mark Stone.
7:25 of 1st period - Shot Misses the Net.
7:27 of 1st period - Shot by T.J. Oshie.
7:27 of 1st period - Shot Misses the Net.
7:29 of 1st period - Shot by Nathan MacKinnon.
7:29 of 1st period - Shot Blocked by Adam Fox.
7:33 of 1st period - Shot by T.J. Oshie.
7:33 of 1st period - Shot Misses the Net.
7:35 of 1st period - Shot by Nathan MacKinnon.
7:35 of 1st period - Shot Blocked by Mats Zuccarello.
7:37 of 1st period - Shot by Sean Walker.
7:37 of 1st period - Stopped by Anton Forsberg without a rebound.
7:38 of 1st period - Tomas Hertl wins face-off versus Phillip Danault in Ducks zone.
8:04 of 1st period - Tomas Hertl is hit by Moritz Seider and loses puck.
8:17 of 1st period - Shot by Phillip Danault.
8:17 of 1st period - Shot Misses the Net.
8:19 of 1st period - Shot by Claude Giroux.
8:19 of 1st period - Shot Misses the Net.
9:25 of 1st period - Shot by Nathan MacKinnon.
9:25 of 1st period - Stopped by Anton Forsberg without a rebound.
9:26 of 1st period - Jack Roslovic wins face-off versus Zach Hyman in Ducks zone.
9:29 of 1st period - Shot by Jack Roslovic.
9:29 of 1st period - Shot Misses the Net.
9:37 of 1st period - Shot by Jake Evans.
9:37 of 1st period - Stopped by Anton Forsberg without a rebound.
9:38 of 1st period - Travis Boyd wins face-off versus Mark Stone in Ducks zone.
10:46 of 1st period - Icing by Brayden McNabb.
10:47 of 1st period - Derek Grant wins face-off versus Zach Hyman in Ducks zone.
10:59 of 1st period - Nikolaj Ehlers is hit by Adam Boqvist and loses puck.
11:10 of 1st period - Ryan McDonagh is hit by Vladislav Namestnikov and loses puck.
11:36 of 1st period - Jason Robertson is hit by Adam Boqvist and loses puck.
11:59 of 1st period - Icing by Adam Boqvist.
12:00 of 1st period - Derek Grant wins face-off versus Phillip Danault in Golden Knights zone.
12:00 of 1st period - Derek Grant is hit by Pierre-Luc Dubois.
12:41 of 1st period - Nathan MacKinnon is hit by Moritz Seider and loses puck.
13:39 of 1st period - Shot by Adrian Kempe.
13:39 of 1st period - Shot Misses the Net.
15:00 of 1st period - Shot by Mats Zuccarello.
15:00 of 1st period - Stopped by Ilya Samsonov without a rebound.
15:01 of 1st period - Phillip Danault wins face-off versus Vladislav Namestnikov in Golden Knights zone.
16:04 of 1st period - Moritz Seider is hit by Rafael Harvey-Pinard and loses puck.
16:17 of 1st period - Shot by Jack Roslovic.
16:17 of 1st period - Shot Misses the Net.
17:18 of 1st period - Shot by Tomas Hertl.
17:18 of 1st period - Shot Misses the Net.
17:20 of 1st period - Shot by Miro Heiskanen.
17:20 of 1st period - The goal is going for a video replay.
17:20 of 1st period - The goal is refused.
17:21 of 1st period - Phillip Danault wins face-off versus Nathan MacKinnon in Ducks zone.
17:21 of 1st period - Rasmus Dahlin is hit by T.J. Oshie and loses puck.
17:46 of 1st period - Shot by T.J. Oshie.
17:46 of 1st period - Shot Blocked by Adam Fox.
17:58 of 1st period - Shot by T.J. Oshie.
17:58 of 1st period - Shot Misses the Net.
18:00 of 1st period - Shot by Adam Boqvist.
18:00 of 1st period - Stopped by Anton Forsberg without a rebound.
18:01 of 1st period - Tomas Hertl wins face-off versus Zach Hyman in Ducks zone.
18:20 of 1st period - Patrick Kane is hit by Conor Timmins and loses puck.
18:25 of 1st period - Shot by Patrick Kane.
18:25 of 1st period - Stopped by Ilya Samsonov without a rebound.
18:26 of 1st period - Jack Roslovic wins face-off versus Travis Boyd in Golden Knights zone.
18:31 of 1st period - Shot by Travis Hamonic.
18:31 of 1st period - Shot Misses the Net.
18:45 of 1st period - Shot by Rafael Harvey-Pinard.
18:45 of 1st period - Shot Blocked by Rasmus Dahlin.
18:47 of 1st period - Shot by Jake Evans.
18:47 of 1st period - Shot Blocked by Adam Fox.
18:49 of 1st period - Shot by Rafael Harvey-Pinard.
18:49 of 1st period - Goal by Rafael Harvey-Pinard - Ducks : 1 - Golden Knights : 1.
18:50 of 1st period - Nathan MacKinnon wins face-off versus Phillip Danault in neutral zone.
18:54 of 1st period - Off-side.
18:55 of 1st period - Joe Pavelski wins face-off versus Nathan MacKinnon in neutral zone.
19:02 of 1st period - Shot by Adrian Kempe.
19:02 of 1st period - Shot Misses the Net.
19:18 of 1st period - Icing by Miro Heiskanen.
19:19 of 1st period - Nathan MacKinnon wins face-off versus Phillip Danault in Golden Knights zone.
19:19 of 1st period - Nathan MacKinnon is hit by Phillip Danault.
19:32 of 1st period - Icing by Adam Fox.
19:33 of 1st period - Tomas Hertl wins face-off versus Phillip Danault in Ducks zone.
Goals for this period are 1 for Ducks vs 1 for Golden Knights.
Shots for this period are 3 for Ducks vs 7 for Golden Knights.

2nd period


0:01 of 2nd period - Nathan MacKinnon wins face-off versus Jason Robertson in neutral zone.
0:40 of 2nd period - Shot by Joe Pavelski.
0:40 of 2nd period - Shot Misses the Net.
0:42 of 2nd period - Shot by Adrian Kempe.
0:42 of 2nd period - Goal by Adrian Kempe - Ducks : 2 - Golden Knights : 1.
0:43 of 2nd period - Zach Hyman wins face-off versus Jack Roslovic in neutral zone.
1:21 of 2nd period - Shot by Rafael Harvey-Pinard.
1:21 of 2nd period - Shot Misses the Net.
1:23 of 2nd period - Shot by Adam Boqvist.
1:23 of 2nd period - Shot Misses the Net.
1:25 of 2nd period - Shot by Jake Evans.
1:25 of 2nd period - Stopped by Anton Forsberg with a rebound.
1:27 of 2nd period - Shot by Jakob Chychrun.
1:27 of 2nd period - Stopped by Anton Forsberg without a rebound.
1:28 of 2nd period - Phillip Danault wins face-off versus Tomas Hertl in Ducks zone.
1:33 of 2nd period - Tomas Hertl is hit by Pierre-Luc Dubois.
1:53 of 2nd period - Shot by Kirby Dach.
1:53 of 2nd period - Shot Misses the Net.
2:06 of 2nd period - Double Minor Penalty to Rasmus Dahlin for Charging.
2:07 of 2nd period - Adrian Kempe wins face-off versus Nathan MacKinnon in Ducks zone.
2:30 of 2nd period - Shot by Jack Roslovic.
2:30 of 2nd period - Goal by Jack Roslovic - Ducks : 2 - Golden Knights : 2.
2:31 of 2nd period - Tomas Hertl wins face-off versus Adrian Kempe in neutral zone.
2:38 of 2nd period - Shot by Kirby Dach.
2:38 of 2nd period - Shot Misses the Net.
2:40 of 2nd period - Shot by Jakob Chychrun.
2:40 of 2nd period - Shot Misses the Net.
2:42 of 2nd period - Shot by Miro Heiskanen.
2:42 of 2nd period - Shot Misses the Net.
2:44 of 2nd period - Shot by Jakob Chychrun.
2:44 of 2nd period - Stopped by Anton Forsberg without a rebound.
2:45 of 2nd period - Adrian Kempe wins face-off versus Nathan MacKinnon in Ducks zone.
2:45 of 2nd period - Adrian Kempe is hit by Nathan MacKinnon.
3:07 of 2nd period - Shot by Mark Stone.
3:07 of 2nd period - Stopped by Anton Forsberg with a rebound.
3:31 of 2nd period - Shot by Pierre-Luc Dubois.
3:31 of 2nd period - Shot Blocked by Miro Heiskanen.
3:33 of 2nd period - Shot by Moritz Seider.
3:33 of 2nd period - Stopped by Ilya Samsonov with a rebound.
4:33 of 2nd period - Shot by Zach Hyman.
4:33 of 2nd period - Stopped by Ilya Samsonov without a rebound.
4:34 of 2nd period - Derek Grant wins face-off versus Zach Hyman in Golden Knights zone.
4:57 of 2nd period - Shot by Vladislav Namestnikov.
4:57 of 2nd period - Shot Misses the Net.
4:59 of 2nd period - Shot by Derek Grant.
4:59 of 2nd period - Shot Hit the Post.
5:01 of 2nd period - Shot by Sean Walker.
5:01 of 2nd period - Stopped by Anton Forsberg without a rebound.
5:02 of 2nd period - Jason Robertson wins face-off versus Tomas Hertl in Ducks zone.
5:33 of 2nd period - Icing by Marcus Foligno.
5:34 of 2nd period - Tomas Hertl wins face-off versus Phillip Danault in Golden Knights zone.
6:09 of 2nd period - Adam Fox is hit by Marcus Foligno and loses puck.
6:20 of 2nd period - Marcus Foligno is hit by Pierre-Luc Dubois and loses puck.
6:35 of 2nd period - Jakob Chychrun is hit by Adrian Kempe and loses puck.
6:39 of 2nd period - Icing by Jakob Chychrun.
6:40 of 2nd period - Tomas Hertl wins face-off versus Travis Boyd in Golden Knights zone.
6:42 of 2nd period - Icing by Jakob Chychrun.
6:43 of 2nd period - Tomas Hertl wins face-off versus Jason Robertson in Golden Knights zone.
7:01 of 2nd period - Tyson Barrie is hit by Travis Hamonic and loses puck.
7:14 of 2nd period - Shot by Joe Pavelski.
7:14 of 2nd period - Stopped by Ilya Samsonov without a rebound.
7:15 of 2nd period - Phillip Danault wins face-off versus Jack Roslovic in Golden Knights zone.
7:16 of 2nd period - Shot by Rasmus Dahlin.
7:16 of 2nd period - Shot Misses the Net.
7:22 of 2nd period - Rasmus Dahlin is hit by Jake Evans and loses puck.
7:39 of 2nd period - Shot by Jack Roslovic.
7:39 of 2nd period - Shot Blocked by Rasmus Dahlin.
8:36 of 2nd period - Shot by Adrian Kempe.
8:36 of 2nd period - Shot Blocked by Sean Walker.
8:46 of 2nd period - Shot by Adrian Kempe.
8:46 of 2nd period - Shot Hit the Post.
8:57 of 2nd period - Icing by Conor Timmins.
8:58 of 2nd period - Jake Evans wins face-off versus Zach Hyman in Golden Knights zone.
9:16 of 2nd period - Icing by Travis Hamonic.
9:17 of 2nd period - Travis Boyd wins face-off versus Nathan MacKinnon in Golden Knights zone.
9:17 of 2nd period - Travis Boyd is hit by Travis Hamonic.
9:30 of 2nd period - Minor Penalty to T.J. Oshie for Roughing.
9:31 of 2nd period - Mats Zuccarello wins face-off versus Derek Grant in Golden Knights zone.
9:57 of 2nd period - Icing by Rasmus Dahlin.
9:58 of 2nd period - Vladislav Namestnikov wins face-off versus Mats Zuccarello in Ducks zone.
10:58 of 2nd period - Shot by Moritz Seider.
10:58 of 2nd period - Stopped by Ilya Samsonov with a rebound.
11:00 of 2nd period - Shot by Tyson Barrie.
11:00 of 2nd period - Stopped by Ilya Samsonov without a rebound.
11:01 of 2nd period - Derek Grant wins face-off versus Travis Boyd in Golden Knights zone.
11:27 of 2nd period - Pierre-Luc Dubois is hit by Jakob Chychrun and loses puck.
12:32 of 2nd period - Kirby Dach is hit by Ryan McDonagh.
13:04 of 2nd period - Vladislav Namestnikov is hit by Zach Hyman and loses puck.
13:35 of 2nd period - Nikolaj Ehlers is hit by Mattias Janmark and loses puck.
14:46 of 2nd period - Shot by Kirby Dach.
14:46 of 2nd period - Stopped by Anton Forsberg without a rebound.
14:47 of 2nd period - Claude Giroux wins face-off versus Tomas Hertl in Ducks zone.
15:14 of 2nd period - Shot by Phillip Danault.
15:14 of 2nd period - Stopped by Ilya Samsonov without a rebound.
15:15 of 2nd period - Jack Roslovic wins face-off versus Travis Boyd in Golden Knights zone.
15:17 of 2nd period - Minor Penalty to Zack MacEwen for Roughing.
15:18 of 2nd period - Adrian Kempe wins face-off versus Nathan MacKinnon in Ducks zone.
15:55 of 2nd period - Shot by Nathan MacKinnon.
15:55 of 2nd period - Stopped by Anton Forsberg without a rebound.
15:56 of 2nd period - Pierre-Luc Dubois wins face-off versus Tomas Hertl in Ducks zone.
15:56 of 2nd period - Adam Fox is hit by Marcus Foligno and loses puck.
16:09 of 2nd period - Shot by Marcus Foligno.
16:09 of 2nd period - Stopped by Anton Forsberg without a rebound.
16:10 of 2nd period - Tomas Hertl wins face-off versus Adrian Kempe in Ducks zone.
16:11 of 2nd period - Shot by Jakob Chychrun.
16:11 of 2nd period - Stopped by Anton Forsberg without a rebound.
16:12 of 2nd period - Marcus Foligno wins face-off versus Adrian Kempe in Ducks zone.
16:47 of 2nd period - Shot by Tomas Hertl.
16:47 of 2nd period - Stopped by Anton Forsberg with a rebound.
16:49 of 2nd period - Shot by Marcus Foligno.
16:49 of 2nd period - Stopped by Anton Forsberg without a rebound.
16:50 of 2nd period - Mark Stone wins face-off versus Adrian Kempe in Ducks zone.
16:50 of 2nd period - Nathan MacKinnon is hit by Tyson Barrie.
16:58 of 2nd period - Shot by Adam Boqvist.
16:58 of 2nd period - Stopped by Anton Forsberg without a rebound.
16:59 of 2nd period - Adrian Kempe wins face-off versus Nathan MacKinnon in Ducks zone.
17:12 of 2nd period - Shot by Mark Stone.
17:12 of 2nd period - Shot Blocked by Mats Zuccarello.
18:56 of 2nd period - Shot by Phillip Danault.
18:56 of 2nd period - Stopped by Ilya Samsonov without a rebound.
18:57 of 2nd period - Joe Pavelski wins face-off versus Tomas Hertl in Golden Knights zone.
19:20 of 2nd period - Shot by Jason Robertson.
19:20 of 2nd period - Shot Misses the Net.
19:22 of 2nd period - Shot by Jason Robertson.
19:22 of 2nd period - Shot Misses the Net.
19:40 of 2nd period - Shot by Tomas Hertl.
19:40 of 2nd period - Deflect By Kirby Dach.
19:40 of 2nd period - Shot Misses the Net.
Goals for this period are 1 for Ducks vs 1 for Golden Knights.
Shots for this period are 8 for Ducks vs 13 for Golden Knights.

3rd period


0:01 of 3rd period - Jason Robertson wins face-off versus Nathan MacKinnon in neutral zone.
0:17 of 3rd period - Icing by Miro Heiskanen.
0:18 of 3rd period - Nathan MacKinnon wins face-off versus Phillip Danault in Golden Knights zone.
0:18 of 3rd period - Travis Hamonic is hit by Claude Giroux and loses puck.
0:25 of 3rd period - Moritz Seider is hit by T.J. Oshie and loses puck.
0:27 of 3rd period - Minor Penalty to Moritz Seider for Tripping.
0:28 of 3rd period - Tomas Hertl wins face-off versus Adrian Kempe in Ducks zone.
1:07 of 3rd period - Shot by Tomas Hertl.
1:07 of 3rd period - Shot Misses the Net.
1:13 of 3rd period - Shot by Miro Heiskanen.
1:13 of 3rd period - Stopped by Anton Forsberg with a rebound.
1:34 of 3rd period - Off-side.
1:35 of 3rd period - Nathan MacKinnon wins face-off versus Travis Boyd in neutral zone.
1:55 of 3rd period - Shot by Jack Roslovic.
1:55 of 3rd period - Shot Misses the Net.
2:03 of 3rd period - Shot by Nathan MacKinnon.
2:03 of 3rd period - Shot Misses the Net.
2:05 of 3rd period - Shot by T.J. Oshie.
2:05 of 3rd period - Stopped by Anton Forsberg without a rebound.
2:06 of 3rd period - Adrian Kempe wins face-off versus Kirby Dach in Ducks zone.
2:06 of 3rd period - Adrian Kempe is hit by Marcus Foligno.
2:26 of 3rd period - Shot by Tomas Hertl.
2:26 of 3rd period - Shot Misses the Net.
2:46 of 3rd period - Shot by Patrick Kane.
2:46 of 3rd period - Stopped by Ilya Samsonov without a rebound.
2:47 of 3rd period - Claude Giroux wins face-off versus Nathan MacKinnon in Golden Knights zone.
3:08 of 3rd period - Phillip Danault is hit by T.J. Oshie and loses puck.
3:17 of 3rd period - Shot by Nathan MacKinnon.
3:17 of 3rd period - Stopped by Anton Forsberg without a rebound.
3:18 of 3rd period - Tomas Hertl wins face-off versus Patrick Kane in Ducks zone.
3:47 of 3rd period - Shot by Nikolaj Ehlers.
3:47 of 3rd period - Shot Misses the Net.
3:49 of 3rd period - Shot by Adam Fox.
3:49 of 3rd period - Stopped by Ilya Samsonov without a rebound.
3:50 of 3rd period - Nathan MacKinnon wins face-off versus Jason Robertson in Golden Knights zone.
3:59 of 3rd period - Ryan McDonagh is hit by Mark Stone and loses puck.
4:26 of 3rd period - Shot by Jason Robertson.
4:26 of 3rd period - Stopped by Ilya Samsonov with a rebound.
4:57 of 3rd period - Nathan MacKinnon is hit by Pierre-Luc Dubois and loses puck.
5:13 of 3rd period - Shot by Phillip Danault.
5:13 of 3rd period - Stopped by Ilya Samsonov without a rebound.
5:14 of 3rd period - Jack Roslovic wins face-off versus Travis Boyd in Golden Knights zone.
5:50 of 3rd period - Shot by Jake Evans.
5:50 of 3rd period - Shot Blocked by Moritz Seider.
5:52 of 3rd period - Shot by Jake Evans.
5:52 of 3rd period - Stopped by Anton Forsberg without a rebound.
5:53 of 3rd period - Phillip Danault wins face-off versus Tomas Hertl in Ducks zone.
6:20 of 3rd period - Shot by Marcus Foligno.
6:20 of 3rd period - Shot Misses the Net.
6:22 of 3rd period - Shot by Tomas Hertl.
6:22 of 3rd period - Deflect By Kirby Dach.
6:22 of 3rd period - Shot Blocked by Rasmus Dahlin.
6:47 of 3rd period - Rasmus Dahlin is hit by Travis Hamonic.
6:50 of 3rd period - Icing by Derek Grant.
6:51 of 3rd period - Derek Grant wins face-off versus Jason Robertson in Golden Knights zone.
8:20 of 3rd period - Travis Boyd is hit by T.J. Oshie and loses puck.
8:28 of 3rd period - Minor Penalty to T.J. Oshie for Hooking.
8:29 of 3rd period - Jake Evans wins face-off versus Travis Boyd in Golden Knights zone.
9:01 of 3rd period - Shot by Rasmus Dahlin.
9:01 of 3rd period - Stopped by Ilya Samsonov without a rebound.
9:02 of 3rd period - Mats Zuccarello wins face-off versus Jake Evans in Golden Knights zone.
9:09 of 3rd period - Shot by Jason Robertson.
9:09 of 3rd period - Deflect By Mats Zuccarello.
9:09 of 3rd period - Stopped by Ilya Samsonov without a rebound.
9:10 of 3rd period - Adrian Kempe wins face-off versus Jake Evans in Golden Knights zone.
9:10 of 3rd period - Adrian Kempe is hit by Jakob Chychrun.
10:19 of 3rd period - Shot by Adam Fox.
10:19 of 3rd period - Stopped by Ilya Samsonov without a rebound.
10:20 of 3rd period - Travis Boyd wins face-off versus Jake Evans in Golden Knights zone.
10:27 of 3rd period - Shot by Claude Giroux.
10:27 of 3rd period - Shot Misses the Net.
10:55 of 3rd period - Icing by Mark Stone.
10:56 of 3rd period - Nathan MacKinnon wins face-off versus Phillip Danault in Golden Knights zone.
10:58 of 3rd period - Icing by Mark Stone.
10:59 of 3rd period - Nathan MacKinnon wins face-off versus Jason Robertson in Golden Knights zone.
11:12 of 3rd period - Shot by Mark Stone.
11:12 of 3rd period - Deflect By Nathan MacKinnon.
11:12 of 3rd period - Stopped by Anton Forsberg with a rebound.
11:18 of 3rd period - Shot by Mark Stone.
11:18 of 3rd period - Deflect By Nathan MacKinnon.
11:18 of 3rd period - Stopped by Anton Forsberg without a rebound.
11:19 of 3rd period - Phillip Danault wins face-off versus Tomas Hertl in Ducks zone.
11:42 of 3rd period - Shot by Pierre-Luc Dubois.
11:42 of 3rd period - Stopped by Ilya Samsonov without a rebound.
11:43 of 3rd period - Jason Robertson wins face-off versus Nathan MacKinnon in Golden Knights zone.
11:58 of 3rd period - T.J. Oshie is hit by Rasmus Dahlin and loses puck.
12:36 of 3rd period - Icing by Adam Fox.
12:37 of 3rd period - Adrian Kempe wins face-off versus Jack Roslovic in Ducks zone.
13:02 of 3rd period - Shot by Jake Evans.
13:02 of 3rd period - Shot Blocked by Tyson Barrie.
13:07 of 3rd period - Icing by Moritz Seider.
13:08 of 3rd period - Tomas Hertl wins face-off versus Phillip Danault in Ducks zone.
13:39 of 3rd period - Tyson Barrie is hit by Marcus Foligno and loses puck.
13:48 of 3rd period - Shot by Kirby Dach.
13:48 of 3rd period - Goal by Kirby Dach - Ducks : 2 - Golden Knights : 3.
13:49 of 3rd period - Travis Boyd wins face-off versus Nathan MacKinnon in neutral zone.
14:14 of 3rd period - Shot by Mats Zuccarello.
14:14 of 3rd period - Deflect By Travis Boyd.
14:14 of 3rd period - Stopped by Ilya Samsonov without a rebound.
14:15 of 3rd period - Jack Roslovic wins face-off versus Jason Robertson in Golden Knights zone.
14:15 of 3rd period - Jack Roslovic is hit by Adrian Kempe.
14:25 of 3rd period - Brayden McNabb is hit by Jakob Chychrun and loses puck.
14:30 of 3rd period - Shot by Adrian Kempe.
14:30 of 3rd period - Shot Misses the Net.
14:34 of 3rd period - Shot by Adrian Kempe.
14:34 of 3rd period - Shot Misses the Net.
14:36 of 3rd period - Shot by Adrian Kempe.
14:36 of 3rd period - Shot Misses the Net.
14:44 of 3rd period - Shot by Adrian Kempe.
14:44 of 3rd period - Shot Misses the Net.
14:52 of 3rd period - Shot by Adrian Kempe.
14:52 of 3rd period - Stopped by Ilya Samsonov without a rebound.
14:53 of 3rd period - Tomas Hertl wins face-off versus Phillip Danault in Golden Knights zone.
14:53 of 3rd period - Tomas Hertl is hit by Pierre-Luc Dubois.
15:45 of 3rd period - Icing by Travis Hamonic.
15:46 of 3rd period - Tomas Hertl wins face-off versus Jason Robertson in Golden Knights zone.
15:46 of 3rd period - Tomas Hertl is hit by Moritz Seider.
16:10 of 3rd period - Shot by Joe Pavelski.
16:10 of 3rd period - Stopped by Ilya Samsonov without a rebound.
16:11 of 3rd period - Travis Boyd wins face-off versus Jack Roslovic in Golden Knights zone.
16:11 of 3rd period - Mats Zuccarello is hit by Adam Boqvist and loses puck.
16:50 of 3rd period - Shot by Mats Zuccarello.
16:50 of 3rd period - Shot Blocked by Jakob Chychrun.
17:20 of 3rd period - Joe Pavelski is hit by T.J. Oshie and loses puck.
17:27 of 3rd period - Shot by Mark Stone.
17:27 of 3rd period - Stopped by Anton Forsberg without a rebound.
17:28 of 3rd period - Tomas Hertl wins face-off versus Phillip Danault in Ducks zone.
17:45 of 3rd period - Shot by Kirby Dach.
17:45 of 3rd period - Stopped by Anton Forsberg without a rebound.
17:46 of 3rd period - Nathan MacKinnon wins face-off versus Nikolaj Ehlers in Ducks zone.
18:08 of 3rd period - Shot by Patrick Kane.
18:08 of 3rd period - Stopped by Ilya Samsonov without a rebound.
18:09 of 3rd period - Tomas Hertl wins face-off versus Jason Robertson in Golden Knights zone.
18:43 of 3rd period - Moritz Seider is hit by Marcus Foligno and loses puck.
18:48 of 3rd period - Tyson Barrie is hit by Marcus Foligno and loses puck.
19:07 of 3rd period - Ducks, Anton Forsberg is pulled from the net.
19:09 of 3rd period - Shot by Pierre-Luc Dubois.
19:09 of 3rd period - Stopped by Ilya Samsonov without a rebound.
19:10 of 3rd period - Derek Grant wins face-off versus Jason Robertson in Golden Knights zone.
19:17 of 3rd period - Rasmus Dahlin is hit by Derek Grant and loses puck.
19:46 of 3rd period - Shot by Rasmus Dahlin.
19:46 of 3rd period - Shot Misses the Net.
19:48 of 3rd period - Shot by Joe Pavelski.
19:48 of 3rd period - Stopped by Ilya Samsonov without a rebound.
19:49 of 3rd period - Derek Grant wins face-off versus Mats Zuccarello in Golden Knights zone.
19:57 of 3rd period - Icing by Rasmus Dahlin.
19:58 of 3rd period - Anton Forsberg from Ducks was sent back in the game.
19:58 of 3rd period - Derek Grant wins face-off versus Mats Zuccarello in Ducks zone.
Goals for this period are 0 for Ducks vs 1 for Golden Knights.
Shots for this period are 14 for Ducks vs 9 for Golden Knights.